 Dungeon Crawl Stone Soup version 0.27.1-33-g824d729ab1 (webtiles) character file.

Game seed: 1783317787431786796

26776 H4rdStyl3z the Unseen (level 13, 0/68 HPs)
             Began as a Spriggan Enchanter on Dec 26, 2021.
             Was a Believer of Uskayaw.
             Killed from afar by an ice statue (26 damage)
             ... with a bolt of cold
             ... in a Gauntlet.
             The game lasted 01:30:56 (21845 turns).

H4rdStyl3z the Unseen (Spriggan Enchanter)         Turns: 21845, Time: 01:30:57

Health: 0/68       AC:  9    Str:  5    XL:     13   Next: 0%
Magic:  26/26      EV: 27    Int: 20    God:    Uskayaw [**....]
Gold:   1127       SH:  5    Dex: 28    Spells: 12/29 levels left

rFire    + . .     SeeInvis +   w - +6 dagger of the Warrior {vorpal, rF+}
rCold    . . .     Faith    .   (shield restricted)
rNeg     . . .     Spirit   .   b - +0 robe
rPois    .         Reflect  +   (helmet restricted)
rElec    .         Harm     .   K - +2 cloak
rCorr    .         Rampage  .   (gloves unavailable)
Will     ++...     NoTele   +   (boots unavailable)
Stlth    ++++++++..             f - amulet of reflection
HPRegen  0.21/turn              h - +6 ring of dexterity
MPRegen  0.20/turn              B - ring of Olaatuyw {AC+4 Int+3 Dex+3}

@: very quick
A: very small, no large weapons, unfitting armour, see invisible, speed 3
a: Renounce Religion, Stomp, Line Pass


You were in a Gauntlet.
You worshipped Uskayaw.
Uskayaw was noncommittal.
You visited 3 branches of the dungeon, and saw 15 of its levels.
You also visited: Sewer, Bailey and Gauntlet.

You collected 1127 gold pieces.

Inventory:

Hand Weapons
 w - the +6 dagger of the Warrior (weapon) {vorpal, rF+}
   (You found it on level 6 of the Dungeon)

   It inflicts extra damage upon your enemies.
   rF:        It protects you from fire.
Missiles
 F - 5 throwing nets
Armour
 b - a +0 robe (worn)
 K - a +2 cloak (worn)
 N - a scarf of resistance
Jewellery
 f - an amulet of reflection (around neck)
 h - a +6 ring of dexterity (left hand)
 i - the ring "Hylol" {Fly rF- Int+7}
   (You found it on level 2 of the Lair of Beasts)

   [ring of flight]

   Int:       It affects your intelligence (+7).
   rF:        It makes you vulnerable to fire.
   Fly:       It grants you flight.
 l - a ring of protection from fire
 q - a ring of protection from cold
 B - the ring of Olaatuyw (right hand) {AC+4 Int+3 Dex+3}
   (You found it on level 8 of the Dungeon)

   [ring of protection]

   AC:        It affects your AC (+4).
   Int:       It affects your intelligence (+3).
   Dex:       It affects your dexterity (+3).
 C - a ring of protection from fire
Wands
 r - a wand of acid (11)
 A - a wand of paralysis (8)
 G - a wand of polymorph (13)
 J - a wand of digging (5)
Scrolls
 a - 2 scrolls of amnesia
 d - 5 scrolls of teleportation
 e - 5 scrolls of enchant weapon {unknown}
 g - a scroll of blinking {unknown}
 j - 2 scrolls of silence
 o - a scroll of brand weapon {unknown}
 u - a scroll of enchant armour {unknown}
 x - a scroll of fear {unknown}
 y - a scroll of holy word {unknown}
 z - a scroll of summoning {unknown}
 I - a scroll of magic mapping {unknown}
Potions
 k - 2 potions of degeneration {unknown}
 m - 3 potions of attraction
 n - 2 potions of haste
 p - 3 potions of lignification
 s - 5 potions of might
 t - 5 potions of flight
 v - 4 potions of mutation
 D - a potion of brilliance {unknown}
 E - 3 potions of berserk rage {unknown}
 H - a potion of magic {unknown}
 L - a potion of curing


   Skills:
 + Level 8.0 Fighting
 - Level 10.0 Short Blades
 * Level 8.3 Dodging
 * Level 19.4 Stealth
 + Level 8.8 Spellcasting
 - Level 10.0 Hexes


You had 12 spell levels left.
You knew the following spells:

 Your Spells              Type           Power      Damage    Failure   Level
a - Corona                Hex            53%        N/A       1%          1
b - Ensorcelled Hibernat  Hex/Ice        56%        N/A       1%          2
c - Confusing Touch       Hex            48%        N/A       1%          3
d - Tukima's Dance        Hex            48%        N/A       1%          3
e - Dazzling Flash        Conj/Hex       56%        N/A       3%          3
f - Silence               Hex/Air        14%        N/A       28%         5

Your spell library contained the following spells:

 Spells                   Type           Power      Damage    Failure   Level
 Summon Guardian Golem    Hex/Summ       28%        N/A       3%          3
 Sting                    Tmut/Pois      32%        1d4       8%          1
 Blink                    Tloc           N/A        N/A       12%         2
 Poisonous Vapours        Pois/Air       16%        N/A       12%         2
 Gell's Gravitas          Tloc           4%         N/A       24%         3
 Lesser Beckoning         Tloc           4%         N/A       24%         3
 Teleport Other           Tloc           8%         N/A       24%         3
 Animate Armour           Summ/Erth      16%        N/A       61%         4
 Iskenderun's Mystic Bla  Conj/Tloc      8%         2d4       61%         4
 Olgreb's Toxic Radiance  Pois           8%         N/A       61%         4
 Passage of Golubria      Tloc           N/A        N/A       61%         4
 Blade Hands              Tmut           4%         N/A       91%         5
 Manifold Assault         Tloc           8%         N/A       91%         5
 Iron Shot                Conj/Erth      4%         9d2       100%        6
 Starburst                Conj/Fire      4%         6d3       100%        6
 Orb of Destruction       Conj           4%         9d2       100%        7
 Spellforged Servitor     Conj/Summ      4%         N/A       100%        7
 Storm Form               Tmut/Air       4%         N/A       100%        7
 Lehudib's Crystal Spear  Conj/Erth      4%         10d3      100%        8


Dungeon Overview and Level Annotations

Branches:
Dungeon (11/15)            Temple (1/1) D:5            Lair (3/6) D:11
  Sewer (visited)          Bailey (visited)         Gauntlet (1/1)
  Swamp: Lair:2-4    Shoals: Lair:2-4     Snake: Lair:2-4    Spider: Lair:2-4
    Orc: D:9-12

Altars:
Ashenzari
Cheibriados
Dithmenos
Elyvilon
Fedhas
Gozag
Hepliaklqana
Kikubaaqudgha
Makhleb
Nemelex Xobeh
Okawaru
Qazlal
Ru
Sif Muna
Trog
Uskayaw
Vehumet
Wu Jian
Xom
Yredelemnul
Zin
The Shining One

Shops:
D:2 (   D:11 (

Annotations:
Gauntlet 7 transporters, exclusion: ice statue


Innate Abilities, Weirdness & Mutations

You are very small and have problems with some larger weapons.
You are too small for most types of armour.
You have supernaturally acute eyesight. (SInv)
You cover ground extremely quickly. (Speed+++)


Message History

Aim: an ice statue (lightly damaged, 100% to hit)
Digging in that direction won't affect any walls.
Okay, then.
Aiming: Corrosive Bolt
Press: ? - help, Shift-Dir - straight line, f/p - ice statue
Aim: an ice statue (lightly damaged, 100% to hit)
The bolt of acid hits the ice statue!
The ice statue is splashed with acid.
The ice statue is moderately damaged.
Aiming: Corrosive Bolt
Press: ? - help, Shift-Dir - straight line, f/p - ice statue
Aim: an ice statue (moderately damaged, 100% to hit)
The bolt of acid hits the ice statue.
The ice statue is splashed with acid.
The acid corrodes the ice statue!
The ice statue is moderately damaged.
The ice statue gestures.
Aiming: Corrosive Bolt
Press: ? - help, Shift-Dir - straight line, f/p - ice statue
Aim: an ice statue (moderately damaged, covered in acid, 100% to hit)
The bolt of acid hits the ice statue!
The ice statue is splashed with acid.
The ice statue seems to be corroded for longer.
The ice statue is heavily damaged.
The ice beast completely misses you.
You can now pass through a line of other dancers.
Aiming: Corrosive Bolt
Press: ? - help, Shift-Dir - straight line, f/p - ice statue
Aim: an ice statue (heavily damaged, covered in acid, 100% to hit)
The bolt of acid hits the ice statue!
The ice statue is splashed with acid!
The ice statue seems to be corroded for longer.
The ice statue is severely damaged.
The ice statue gestures at you. The shard of ice hits you!
The ice beast hits you. The ice beast freezes you!
Aiming: Corrosive Bolt
Press: ? - help, Shift-Dir - straight line, f/p - ice statue
Aim: an ice statue (severely damaged, covered in acid, 100% to hit)
The bolt of acid hits the ice statue!
The ice statue is splashed with acid.
The ice statue seems to be corroded for longer.
The ice statue is almost destroyed.
The ice statue gestures at you. The bolt of cold hits you!!
You die...

#8#..#.........#.8.#..JJJ.#.
###..#.§##.##^.#...#.....#..
#..#.##^..##.######....#..
###..#^#.....#.#...#J##.#©..
#8#..#....©....#©.©#J..###..
###..#.#.....#.#...#J...#.##
#..#.##^.Y##.#####J.J#.J..
###..#.^##8##^.#...#J..#...J
#8#..#....©@Y..#.8.#J.#.©...
###..###########...#########
#.........................
#≈........................
##########################
#8# #8# #8# #8# #8##≈....
### ### ### ### ####8.8.8
#≈§... #####.


You could see an ice statue (corroded) and an ice beast (summoned).

Vanquished Creatures
  Harold (D:9)
  3 hydras
  4 two-headed ogres
  Pikel (D:7)
  A deep elf pyromancer (D:8)
  4 cyclopes
  3 oklob plants (Lair:1)
  A black mamba (Lair:3)
  Maggie (Lair:1)
  Psyche (D:8)
  A kobold demonologist (Bailey)
  5 cane toads
  3 rime drakes
  An unseen horror (D:11)
  3 komodo dragons
  An efreet (D:9)
  A meliai (D:11)
  A queen bee (D:8)
  3 slime creatures (Gauntlet)
  Grinder (D:4)
  4 blink frogs (Lair:3)
  18 yaks
  3 centaur simulacra (Gauntlet)
  3 wyverns
  3 wraiths
  2 basilisks
  3 steam dragons
  4 water moccasins
  5 orc warriors
  3 black bears
  A sky beast (D:6)
  2 necrophages
  3 ice beasts
  An ogre (D:4)
  3 centaurs
  7 wolves (Lair:1)
  2 phantoms
  11 bullfrogs
  A kobold brigand (Sewer)
  5 scorpions
  A water moccasin zombie (D:7)
  A hornet simulacrum (Gauntlet)
  11 killer bees
  6 wights
  The ghost of Jazqba the Chopper, a weakling HOFE of Jiyva (D:6)
  2 howler monkeys
  A bullfrog zombie (D:6)
  4 centaur zombies
  2 centaur skeletons (D:6)
  2 orc priests (D:4)
  A gnoll shaman (D:5)
  2 hounds
  A jelly (Gauntlet)
  Crazy Yiuf (D:4)
  Ijyb (D:4)
  8 iguanas
  3 orc wizards
  3 howler monkey zombies
  13 gnolls
  2 river rats
  6 adders
  A shadow imp (D:7)
  An adder skeleton (D:4)
  A worm (D:2)
  6 dart slugs
  27 orcs
  5 ball pythons
  7 endoplasms
  3 giant cockroaches
  12 goblins
  5 hobgoblins
  4 jackals
  4 kobolds
  4 quokkas
  5 bats
  4 frilled lizards
  11 rats
296 creatures vanquished.

Vanquished Creatures (collateral kills)
  A wight (D:2)
1 creature vanquished.

Vanquished Creatures (others)
  2 dancing weapons
  A kobold (Sewer)
  18 fungi
  41 plants
  5 toadstools (D:3)
67 creatures vanquished.

Grand Total: 364 creatures vanquished

Notes
Turn   | Place    | Note
-------+----------+-------------------------------------------
     0 | D:1      | H4rdStyl3z the Spriggan Enchanter began the quest for the
                  | Orb.
     0 | D:1      | Reached XP level 1. HP: 9/9 MP: 5/5
   917 | D:1      | Reached XP level 2. HP: 14/14 MP: 6/6
  1239 | D:2      | Reached skill level 5 in Stealth
  1618 | D:1      | Learned a level 2 spell: Ensorcelled Hibernation
  1967 | D:2      | Reached XP level 3. HP: 6/17 MP: 2/8
  2306 | D:2      | Reached skill level 1 in Fighting
  2323 | D:2      | Found a faded altar of an unknown god.
  2493 | D:2      | Found Pubom's Antique Weapon Shop.
  2739 | D:2      | Learned a level 3 spell: Confusing Touch
  2747 | D:3      | Reached skill level 6 in Stealth
  2747 | D:3      | Reached XP level 4. HP: 20/22 MP: 5/9
  3367 | D:3      | Noticed an ice beast
  3464 | D:4      | Noticed a necrophage
  3495 | D:4      | Killed a necrophage
  3496 | D:4      | Reached skill level 7 in Stealth
  3496 | D:4      | Reached XP level 5. HP: 16/26 MP: 1/10
  3740 | D:3      | Found a snail-covered altar of Cheibriados.
  3747 | D:3      | Found a shadowy altar of Dithmenos.
  3928 | D:3      | Killed an ice beast
  3929 | D:3      | Reached XP level 6. HP: 12/30 MP: 7/11
  4264 | D:2      | Learned a level 3 spell: Tukima's Dance
  4275 | D:2      | Reached skill level 8 in Stealth
  5265 | D:4      | Reached skill level 5 in Short Blades
  5571 | D:4      | Reached XP level 7. HP: 35/35 MP: 7/12
  5685 | D:4      | Found a runed translucent door.
  5686 | D:4      | Noticed Crazy Yiuf
  5693 | D:4      | Killed Crazy Yiuf
  6078 | D:4      | Noticed Grinder
  6093 | D:4      | Killed Grinder
  6094 | D:4      | Reached skill level 9 in Stealth
  6155 | D:4      | Noticed Ijyb
  6631 | D:4      | Killed Ijyb
  6727 | D:5      | Entered Level 5 of the Dungeon
  6784 | D:5      | Reached skill level 10 in Stealth
  6784 | D:5      | Reached XP level 8. HP: 40/40 MP: 13/13
  6975 | D:5      | HP: 1/40 [gnoll (10)]
  7081 | D:5      | Found a sacrificial altar of Ru.
  7162 | D:5      | Found a glowing drain.
  7188 | Sewer    | Entered a sewer
  7744 | Sewer    | Found a white marble altar of Elyvilon.
  8167 | D:5      | Found a staircase to the Ecumenical Temple.
  8193 | Temple   | Entered the Ecumenical Temple
  8357 | Temple   | Became a worshipper of Uskayaw the Reveller
  8422 | D:5      | Found a broken altar of Ashenzari.
  8638 | D:5      | Reached * piety under Uskayaw
  8639 | D:5      | Reached skill level 11 in Stealth
  8801 | D:6      | Noticed Jazqba's ghost (weakling HOFE)
  8801 | D:6      | Found a transporter.
  8820 | D:6      | Reached ** piety under Uskayaw
  9174 | D:6      | Identified the +6 dagger of the Warrior {vorpal, rF+}
  9809 | D:6      | Found a transporter.
  9976 | D:6      | Reached skill level 12 in Stealth
  9976 | D:6      | Reached XP level 9. HP: 40/45 MP: 10/14
 10286 | D:6      | Killed Jazqba's ghost
 10295 | D:6      | Reached *** piety under Uskayaw
 11377 | D:7      | Reached skill level 13 in Stealth
 11390 | D:7      | Noticed Pikel
 11581 | D:7      | Killed Pikel
 11753 | D:8      | Reached skill level 5 in Fighting
 11855 | D:8      | Found a flagged portal.
 11859 | D:8      | Noticed a two-headed ogre
 11859 | D:8      | Noticed a deep elf pyromancer
 11866 | D:8      | Killed a deep elf pyromancer
 11867 | D:8      | Reached skill level 10 in Short Blades
 11867 | D:8      | Reached skill level 14 in Stealth
 11867 | D:8      | Reached XP level 10. HP: 51/51 MP: 15/15
 11887 | D:8      | Killed a two-headed ogre
 11986 | Bailey   | Entered a bailey
 12177 | Bailey   | Found an iron altar of Okawaru.
 12177 | Bailey   | Noticed an orc high priest
 12312 | Bailey   | Noticed a rust devil
 12556 | D:8      | Reached skill level 15 in Stealth
 12556 | D:8      | Reached skill level 5 in Hexes
 12560 | D:8      | Identified the ring of Olaatuyw {AC+4 Int+3 Dex+3}
 12571 | D:8      | Learned a level 3 spell: Dazzling Flash
 12572 | D:8      | Noticed Psyche
 12590 | D:8      | Killed Psyche
 12597 | D:8      | Reached **** piety under Uskayaw
 14076 | D:7      | HP: 2/53 [poisoned by a killer bee]
 15134 | D:9      | Noticed a two-headed ogre
 15164 | D:9      | Killed a two-headed ogre
 15167 | D:9      | Reached skill level 5 in Spellcasting
 15169 | D:9      | Reached XP level 11. HP: 44/56 MP: 8/19
 15351 | D:9      | Reached skill level 16 in Stealth
 15764 | D:9      | Noticed Harold
 15777 | D:9      | Killed Harold
 16037 | D:10     | Entered Level 10 of the Dungeon
 16438 | D:10     | Noticed a two-headed ogre
 16443 | D:10     | Killed a two-headed ogre
 16771 | D:10     | Found a shimmering blue altar of Sif Muna.
 17097 | D:11     | Found Oqaerph Usok's Antique Weapon Boutique.
 17141 | D:11     | Reached skill level 17 in Stealth
 17369 | D:11     | Found a staircase to the Lair.
 17444 | D:11     | Noticed a six-headed hydra
 17466 | D:11     | Killed a six-headed hydra
 17515 | D:11     | Noticed a two-headed ogre
 17541 | D:11     | Killed a two-headed ogre
 17908 | Lair:1   | Entered Level 1 of the Lair of Beasts
 17938 | Lair:1   | Reached XP level 12. HP: 63/63 MP: 20/23
 18067 | Lair:1   | Reached skill level 10 in Hexes
 18260 | Lair:1   | Reached skill level 18 in Stealth
 18484 | Lair:1   | Noticed Maggie
 18493 | Lair:1   | Killed Maggie
 18573 | Lair:1   | Noticed a six-headed hydra
 18612 | Lair:1   | Killed a six-headed hydra
 19083 | Lair:1   | Reached skill level 5 in Dodging
 19692 | Lair:1   | Learned a level 5 spell: Silence
 19922 | Lair:2   | Identified the ring "Hylol" {Fly rF- Int+7}
 20702 | Lair:3   | Reached ***** piety under Uskayaw
 20720 | Lair:3   | Reached ****** piety under Uskayaw
 20741 | Lair:3   | Reached skill level 19 in Stealth
 20791 | Lair:3   | Noticed an eight-headed hydra
 20796 | Lair:3   | Killed an eight-headed hydra
 20956 | Lair:3   | Found a gate leading to a gauntlet.
 20963 | Gauntlet | Entered a Gauntlet
 20963 | Gauntlet | Found a transporter.
 20963 | Gauntlet | Found a transporter.
 20963 | Gauntlet | Found a transporter.
 20977 | Gauntlet | Found a transporter.
 20980 | Gauntlet | Noticed a death yak
 20981 | Gauntlet | Noticed a death yak
 20984 | Gauntlet | Noticed a death yak
 20987 | Gauntlet | Found a transporter.
 21056 | Gauntlet | Found a transporter.
 21071 | Gauntlet | Found a transporter.
 21087 | Gauntlet | Found a transporter.
 21097 | Gauntlet | Found a transporter.
 21112 | Gauntlet | Found a transporter.
 21118 | Gauntlet | Found a transporter.
 21145 | Gauntlet | Found a transporter.
 21569 | Gauntlet | Reached XP level 13. HP: 48/68 MP: 20/26
 21845 | Gauntlet | Killed from afar by an ice statue

Illustrated notes

Levels and vault maps discovered:
D:1:      dpeg_arrival_simpleton_b, layout_basic
D:2:      layout_rooms, shapermc_ecumenical_altar_venn, serial_shops,
          shop_coins, ebering_dispersal_statue_hall, kennysheep_generic_room_12
D:3:      layout_rooms, amethyst_overflow_temple_binary,
          minmay_gold_behind_fungi, chequers_serial_rivers_large_a
D:4:      layout_loops_ring, uniq_grinder, uniq_ijyb, uniq_crazy_yiuf_cottage
D:5:      cheibrodos_quashed, layout_basic, mainiacjoe_overflow_surrounded_room,
          mainiacjoe_overflow_paths, minmay_temple_entry_grid,
          cheibrodos_sewer_entry_sluice, hangedman_abyss_or_decor_lesser_grid
D:6:      layout_basic, gammafunk_ghost_arena, wad_floor_pattern_untrapped
D:7:      layout_gridville, minmay_fountain_box, uniq_pikel
D:8:      layout_basic, enter_bailey_2, minivault_1,
          nicolae_looking_at_the_future, uniq_psyche
D:9:      layout_basic, uniq_harold
D:10:     layout_roguey, kennysheep_little_box
D:11:     layout_gridville, grunt_lair_entry_orc_guard_hut, serial_shops,
          shop_statue, kennysheep_nondescript, minivault_20,
          nicolae_lava_and_water
Temple:   minmay_crystal_spiral_temple
Lair:1:   layout_regular_city, fungi_pond_lemuel, lemuel_fruit_tree,
          lemuel_fruit_fields, minmay_lair_oklob_chamber,
          infiniplex_staircase_pool_2, grunt_megastairs_5, uniq_maggie
Lair:2:   layout_roguey, minivault_11, minivault_24
Lair:3:   layout_roguey, gauntlet_entry_generic, cheibrodos_lair_lostbears
Gauntlet: gammafunk_gauntlet_shortcut [nicolae_gauntlet_arena_grate_2,
          nicolae_gauntlet_arena_flowing_pool, gammafunk_gauntlet_arena_split_x,
          nicolae_gauntlet_arena_x, gammafunk_gauntlet_arena_split_diamond,
          nicolae_gauntlet_swirl, gauntlet_exit_hidden_loot]

Skill      XL: |  1  2  3  4  5  6  7  8  9 10 11 12 |
---------------+-------------------------------------+-----
Stealth        | 5 6 7 8 10 12 14 15 17 19 | 19.4
Short Blades   | 2 3 4 5 6 8 10 | 10.0
Fighting       | 1 2 3 4 5 6 7 8 |  8.0
Spellcasting   | 5 7 8 |  8.8
Hexes          | 7 9 10 | 10.0
Dodging        | 8 |  8.3

Action                   |  1- 3 |  4- 6 |  7- 9 | 10-12 | 13-15 || total
-------------------------+-------+-------+-------+-------+-------++-------
Melee: Dagger            |   139 |   130 |   274 |   332 |    37 ||   912
 Cast: Corona            |     1 |       |       |       |       ||     1
       Ensorcelled Hiber |     4 |    25 |    89 |   143 |       ||   261
       Confusing Touch   |     1 |     6 |     5 |     9 |     2 ||    23
       Tukima's Dance    |       |     1 |     5 |     4 |       ||    10
       Dazzling Flash    |       |       |       |     4 |       ||     4
Evoke: Wand              |       |       |       |       |    19 ||    19
  Use: Scroll            |       |       |     6 |     7 |       ||    13
       Potion            |       |       |     5 |     6 |     1 ||    12
 Stab: Sleeping          |    14 |    21 |    60 |    90 |       ||   185
       Confused          |     1 |     5 |     5 |    10 |       ||    21
       Distracted        |       |       |     2 |    10 |       ||    12
       Paralysed         |       |       |     1 |    12 |       ||    13
       Invisible         |       |       |       |     4 |       ||     4
Armor: Robe              |    11 |     9 |    19 |    48 |     2 ||    89
Dodge: Dodged            |   102 |   139 |   145 |   244 |    22 ||   652
Block: Other             |       |       |    45 |    66 |     4 ||   115
       Reflection        |       |       |     2 |     2 |       ||     4
